 Dungeon Crawl Stone Soup version 0.29-a0-791-ga0f254aafb (webtiles) character file.

Game seed: 13534335349883436691

18 Malachi the Sneak (level 2, 22/22 HPs)
             Began as a Demonspawn Brigand on July 3, 2022.
             Got out of the dungeon alive.
             The game lasted 00:00:58 (779 turns).

Malachi the Sneak (Demonspawn Brigand)               Turns: 779, Time: 00:00:59

Health: 22/22      AC:  3    Str: 11    XL:     2   Next: 48%
Magic:  2/2        EV: 11    Int: 12    God:
Gold:   45         SH:  0    Dex: 14    Spells: 1/1 levels left

rFire   . . .      SeeInvis .   a - +2 dagger
rCold   . . .      Faith    .   (no shield)
rNeg    . . .      Spirit   .   b - +0 robe
rPois   .          Reflect  .   (no helmet)
rElec   .          Harm     .   c - +0 cloak
rCorr   .          Rampage  .   (no gloves)
Will    .....                   (no boots)
Stlth   ++........              (no amulet)
HPRegen 0.07/turn               (no ring)
MPRegen 0.08/turn               (no ring)

@: no status effects
A: ignite blood 1
a: no special abilities


You escaped.
You visited 1 branch of the dungeon, and saw 1 of its levels.

You collected 45 gold pieces.

Inventory:

Hand Weapons
 a - a +2 dagger (weapon)
Missiles
 d - 9 poisoned darts (quivered)
 e - 3 curare-tipped darts
Armour
 b - a +0 robe (worn)
 c - a +0 cloak (worn)
Jewellery
 j - a ring of fire
Scrolls
 f - 2 scrolls of immolation {unknown}
 g - a scroll of summoning {unknown}
 h - a scroll of torment {unknown}
Potions
 i - 2 potions of lignification {unknown}


   Skills:
 - Level 2.0 Fighting
 * Level 2.9 Short Blades
 - Level 1.7 Throwing
 - Level 0.8 Dodging
 - Level 3.6 Stealth


You had one spell level left.
You didn't know any spells.
Your spell library contained the following spells:

 Spells                   Type           Power      Damage    Failure   Level
 Beastly Appendage        Tmut           0%         N/A       32%         1
 Wereblood                Tmut           0%         N/A       45%         2
 Spider Form              Tmut/Pois      0%         N/A       69%         3


Dungeon Overview and Level Annotations

Branches:
Dungeon (1/15)

Altars:


Innate Abilities, Weirdness & Mutations

Your demonic aura sometimes causes spilled blood to erupt in flames.


Message History

You kill the quokka!
You see here a quokka corpse.
You now have 37 gold pieces (gained 10).
h - a scroll labelled JAAPTA SAEN You start resting.
HP restored.
Found a stone staircase leading down.
You now have 45 gold pieces (gained 8).
There is a stone staircase leading down here.
i - 2 smoky cyan potions
Found a stone staircase leading down.
You see here a +0 dagger.
j - a ring of fire
Found an escape hatch in the floor.
A bat comes into view.
The bat barely misses you.
A bat is nearby!
A bat is nearby!
The bat hits you but does no damage.
You hit the bat.
The bat is moderately wounded.
The bat hits you but does no damage.
You barely miss the bat.
The bat is moderately wounded.
The bat misses you.
You miss the bat.
The bat is moderately wounded.
The bat closely misses you. x2
You hit the bat.
The bat is severely wounded.
The bat barely misses you. The bat barely misses you.
You hit the bat.
You kill the bat!
No target in view!
No target in view!
There is an open door here.
There is a staircase leading out of the dungeon here.
Are you sure you want to leave the Dungeon?
This will make you lose the game!
You have escaped!

#..##...#.## #.# #.. #...##..#.##
#.# ### #....#..#..# #.#
#..8.#..#..# #.# #....#..#..#
#.####### #...##..#..# #.)......
#####..##...#..####..######
#######......#....#..............
........###..'..@.'..###..#######
#######.# #..#....#..# #.........
#######.# #..##...#..# #.........
........###...##..#..# #..###..##
#######........#..#..# #..# #..#
##########...8.#..#............#
...†.....#.....#..#.......####.#
########.#....##..##.###.## #.#
#.#...## #. ...


There were no monsters in sight!

Vanquished Creatures
  2 endoplasms (D:1)
  A giant cockroach (D:1)
  A goblin (D:1)
  3 quokkas (D:1)
  3 ball pythons (D:1)
  2 bats (D:1)
  2 frilled lizards (D:1)
  3 kobolds (D:1)
  A rat (D:1)
18 creatures vanquished.

Vanquished Creatures (others)
  A plant (D:1)
1 creature vanquished.

Grand Total: 19 creatures vanquished

Notes
Turn   | Place    | Note
-------+----------+-------------------------------------------
     0 | D:1      | Malachi the Demonspawn Brigand began the quest for the Orb.
     0 | D:1      | Reached XP level 1. HP: 16/16 MP: 1/1
    98 | D:1      | Found a faded altar of an unknown god.
   317 | D:1      | Gained mutation: Your demonic aura sometimes causes spilled
                  | blood to erupt in flames. [demonic ancestry]
   317 | D:1      | Reached XP level 2. HP: 20/22 MP: 2/2
   779 | D:$      | Got out of the dungeon alive.

Illustrated notes

Levels and vault maps discovered:
D:1:      giann_horns, layout_loops_ring, dreamdust_ecumenical_altar_grove

Skill      XL: |  1 |
---------------+----+-----
Short Blades   | 2 |  2.9
Fighting       | |  2.0
Throwing       | |  1.7
Dodging        | |  0.8
Stealth        | |  3.6

Action                   || total
-------------------------++-------
Melee: Dagger            ||    57
 Stab: Sleeping          ||     1
Armor: Robe              ||    12
Dodge: Dodged            ||    29

Table legend: (Time is in decaauts)
 A = Elapsed time spent in this place.
 B = Non-inter-level travel time spent in this place.
 C = Inter-level travel time spent in this place.
 D = Time resting spent in this place.
 E = Time spent auto-exploring this place.
 F = Levels seen in this place.
 G = Mean time per level.
                   A        B        C        D        E       F      G
               +--------+--------+--------+--------+--------+-----+--------+
         Total |    772 |    754 |     18 |    202 |    418 |   1 |  772.0 |
       Dungeon |    772 |    754 |     18 |    202 |    418 |   1 |  772.0 |
               +--------+--------+--------+--------+--------+-----+--------+

Top non-repeatable levels by time:
     D:1: 772 daAuts
